SA
SYRACUSE STORM @ LAKE ERIE ARRYNS
09/04/2038
 
TOP OF THE 1ST
Syracuse Storm batting - Pitching for Lake Erie Arryns : RHP Patrick Smythe
Pitching: RHP Patrick Smythe
Batting: LHB Brian Harmon 0-0: Foul Ball, location: 2F
0-1: Foul Ball, location: 2F
0-2: Ball
1-2: Foul Ball, location: 2F
1-2: Foul Ball, location: 2F
1-2: Fly out, F8 (Flyball, 8RD, EV 100.6 MPH)
Batting: RHB John Billings 0-0: Called Strike
0-1: Ball
1-1: Fly out, F8 (Flyball, 8LM, EV 88.8 MPH)
Batting: LHB Rick Newell 0-0: Called Strike
0-1: Called Strike
0-2: Strikes out looking
Top of the 1st over - 0 runs, 0 hits, 0 errors, 0 left on base; Syracuse 0 - Lake Erie 0
BOTTOM OF THE 1ST
Lake Erie Arryns batting - Pitching for Syracuse Storm : RHP Steve Young
Pitching: RHP Steve Young
Batting: RHB Scot Roberts 0-0: Called Strike
0-1: Ball
1-1: Swinging Strike
1-2: Ball
2-2: TRIPLE (Line Drive, 9D, EV 107.5 MPH)
Batting: RHB Beco Bnard 0-0: Ground out 6-3 (Groundball, 6, EV 104.4 MPH)
Scot Roberts scores
Batting: RHB Juan Núñez 0-0: Ball
1-0: Foul Ball, location: 2F
1-1: Swinging Strike
1-2: Strikes out swinging
Batting: RHB Mike Branch 0-0: Foul Ball, location: 2F
0-1: Fly out, F9 (Flyball, 9D, EV 85.0 MPH)
Bottom of the 1st over - 1 run, 1 hit, 0 errors, 0 left on base; Syracuse 0 - Lake Erie 1
TOP OF THE 2ND
Syracuse Storm batting - Pitching for Lake Erie Arryns : RHP Patrick Smythe
Batting: LHB Jorge Mateu 0-0: Ball
1-0: Ball
2-0: Called Strike
2-1: Swinging Strike
2-2: Fly out, F7 (Flyball, 7LS, EV 81.9 MPH)
Batting: RHB Rubén Plumey 0-0: Ball
1-0: Ball
2-0: Ball
3-0: Called Strike
3-1: SINGLE (Line Drive, 9S, EV 86.9 MPH)
Batting: LHB Kent Maxwell 0-0: Called Strike
0-1: Swinging Strike
0-2: Strikes out swinging
Batting: LHB Zak Makepeace 0-0: Ball
1-0: Foul Ball, location: 2F
1-1: Ball
2-1: Ball
3-1: Foul Ball, location: 2F
3-2: Strikes out looking
Top of the 2nd over - 0 runs, 1 hit, 0 errors, 1 left on base; Syracuse 0 - Lake Erie 1
BOTTOM OF THE 2ND
Lake Erie Arryns batting - Pitching for Syracuse Storm : RHP Steve Young
Batting: RHB Patrick Mildren 0-0: Ball
1-0: Called Strike
1-1: DOUBLE (Line Drive, 78D, EV 107.5 MPH)
Batting: SHB Borisav Aleksic 0-0: Ground out 5-3 (Groundball, 56, EV 82.5 MPH)
Batting: RHB Wang Gai 0-0: Ball
1-0: Called Strike
1-1: Reached on error, E6 (Groundball, 6, EV 79.4 MPH)
Patrick Mildren to third
Batting: RHB Nick Payne 0-0: Swinging Strike
0-1: Ball
1-1: Ball
2-1: SINGLE (Line Drive, 9S, EV 91.9 MPH)
Patrick Mildren scores
Wang Gai to second
Batting: RHB Daryl Pethick 0-0: SINGLE (Groundball, 4MD, EV 97.5 MPH)
Wang Gai to third
Nick Payne to second
Runner from 3rd tries for Home, SAFE, no throw by CF
Batting: RHB Scot Roberts 0-0: Ball
1-0: Called Strike
1-1: Ball
2-1: Foul Ball, location: 2F
2-2: Ball
3-2: Base on Balls
Nick Payne to third
Daryl Pethick to second
Batting: RHB Beco Bnard 0-0: SINGLE (Groundball, 5D, EV 93.8 MPH)
Nick Payne scores
Daryl Pethick to third
Scot Roberts to second
Runner from 3rd tries for Home, throw by LF and OUT! 7-2
Batting: RHB Juan Núñez 0-0: Ball
1-0: Ball
2-0: Ball
3-0: Base on Balls
Scot Roberts to third
Beco Bnard to second
Batting: RHB Mike Branch 0-0: Fielders Choice at 2nd, 5-4 (Groundball, 56, EV 85.6 MPH)
Bottom of the 2nd over - 3 runs, 4 hits, 1 error, 3 left on base; Syracuse 0 - Lake Erie 4
TOP OF THE 3RD
Syracuse Storm batting - Pitching for Lake Erie Arryns : RHP Patrick Smythe
Batting: RHB Bob Hill 0-0: Ground out 5-3 (Groundball, 5S, EV 78.8 MPH)
Batting: RHB Martín Muñóz 0-0: Foul Ball, location: 2F
0-1: Ball
1-1: Ground out 4-3 (Groundball, 4, EV 109.4 MPH)
Batting: LHB Brian Harmon 0-0: Ball
1-0: Swinging Strike
1-1: Ball
2-1: Foul Ball, location: 2F
2-2: Strikes out swinging
Top of the 3rd over - 0 runs, 0 hits, 0 errors, 0 left on base; Syracuse 0 - Lake Erie 4
BOTTOM OF THE 3RD
Lake Erie Arryns batting - Pitching for Syracuse Storm : RHP Steve Young
Batting: RHB Patrick Mildren 0-0: Ball
1-0: Ball
2-0: Foul Ball, location: 2F
2-1: Ball
3-1: Base on Balls
Batting: SHB Borisav Aleksic 0-0: Ball
1-0: Ball
2-0: Ball
3-0: Called Strike
3-1: DOUBLE (Groundball, 3D, EV 100.0 MPH)
Patrick Mildren to third
Batting: RHB Wang Gai 0-0: Ground out U3 (Groundball, 34S, EV 85.6 MPH)
Patrick Mildren scores
Borisav Aleksic to third
Batting: RHB Nick Payne 0-0: Ball
1-0: Ball
2-0: Fly out, F6 (Popup, 6, EV 63.8 MPH)
Batting: RHB Daryl Pethick 0-0: Swinging Strike
0-1: SINGLE (Flyball, 89S, EV 90.0 MPH)
Borisav Aleksic scores
Batting: RHB Scot Roberts 0-0: Fly out, F3 (Line Drive, 3, EV 65.6 MPH)
Bottom of the 3rd over - 2 runs, 2 hits, 0 errors, 1 left on base; Syracuse 0 - Lake Erie 6
TOP OF THE 4TH
Syracuse Storm batting - Pitching for Lake Erie Arryns : RHP Patrick Smythe
Batting: RHB John Billings 0-0: Ball
1-0: Ball
2-0: Ground out U3 (Groundball, 34, EV 96.2 MPH)
Batting: LHB Rick Newell 0-0: Swinging Strike
0-1: Called Strike
0-2: Ball
1-2: Ball
2-2: Strikes out swinging
Batting: LHB Jorge Mateu 0-0: Ball
1-0: Foul Ball, location: 2F
1-1: Ball
2-1: Fly out, F7 (Flyball, 7LSF, EV 71.2 MPH)
Top of the 4th over - 0 runs, 0 hits, 0 errors, 0 left on base; Syracuse 0 - Lake Erie 6
BOTTOM OF THE 4TH
Lake Erie Arryns batting - Pitching for Syracuse Storm : RHP Steve Young
Batting: RHB Beco Bnard 0-0: SINGLE (Groundball, 4MD, EV 98.8 MPH)
Batting: RHB Juan Núñez 0-0: Ball
1-0: Foul Ball, location: 2F
1-1: Swinging Strike
1-2: Strikes out swinging
Batting: RHB Mike Branch 0-0: Ball
1-0: Ball
2-0: Ball
3-0: Called Strike
3-1: Foul Ball, location: 2F
3-2: SINGLE (Groundball, 56D, EV 98.8 MPH)
Beco Bnard to second
Batting: RHB Patrick Mildren 0-0: Swinging Strike
0-1: Foul Ball, location: 2F
0-2: Ball
1-2: Ball
2-2: Foul Ball, location: 2F
2-2: Strikes out swinging
Batting: SHB Borisav Aleksic 0-0: Ball
1-0: Ball
2-0: Swinging Strike
2-1: Ground out U3 (Groundball, 34, EV 90.6 MPH)
Bottom of the 4th over - 0 runs, 2 hits, 0 errors, 2 left on base; Syracuse 0 - Lake Erie 6
TOP OF THE 5TH
Syracuse Storm batting - Pitching for Lake Erie Arryns : RHP Patrick Smythe
Batting: RHB Rubén Plumey 0-0: Called Strike
0-1: Ball
1-1: Ball
2-1: Foul Ball, location: 2F
2-2: Ground out 4-3 (Groundball, 4, EV 88.8 MPH)
Batting: LHB Kent Maxwell 0-0: Ball
1-0: Foul Ball, location: 2F
1-1: Ball
2-1: Foul Ball, location: 2F
2-2: Fly out, F8 (Flyball, 8LS, EV 72.5 MPH)
Batting: LHB Zak Makepeace 0-0: Ball
1-0: Ground out 2-3 (Groundball, 2L, EV 65.0 MPH)
Top of the 5th over - 0 runs, 0 hits, 0 errors, 0 left on base; Syracuse 0 - Lake Erie 6
BOTTOM OF THE 5TH
Lake Erie Arryns batting - Pitching for Syracuse Storm : RHP Steve Young
Batting: RHB Wang Gai 0-0: Called Strike
0-1: Called Strike
0-2: Ball
1-2: Ball
2-2: Strikes out swinging, 2-3 out at first.
Batting: RHB Nick Payne 0-0: Ball
1-0: Called Strike
1-1: SOLO HOME RUN (Flyball, 7D, EV 92.5 MPH), Distance : 393 ft
Pitching: RHP José Martínez
Batting: RHB Daryl Pethick 0-0: Called Strike
0-1: Ball
1-1: Fly out, F3 (Line Drive, 3, EV 67.5 MPH)
Batting: RHB Scot Roberts 0-0: Called Strike
0-1: SINGLE (Flyball, 4MD, EV 81.9 MPH)
Batting: RHB Beco Bnard 0-0: Ball
1-0: Foul Ball, location: 2F
1-1: Foul Ball, location: 2F
1-2: Ground out 2-3 (Groundball, 2R, EV 71.2 MPH)
Bottom of the 5th over - 1 run, 2 hits, 0 errors, 1 left on base; Syracuse 0 - Lake Erie 7
TOP OF THE 6TH
Syracuse Storm batting - Pitching for Lake Erie Arryns : RHP Patrick Smythe
Batting: RHB Bob Hill 0-0: Called Strike
0-1: Ball
1-1: Called Strike
1-2: Ball
2-2: Ground out 1-3 (Groundball, 13S, EV 70.0 MPH)
Batting: RHB Martín Muñóz 0-0: Ball
1-0: Ball
2-0: SINGLE (Line Drive, 78S, EV 91.9 MPH)
Batting: LHB Brian Harmon 0-0: Swinging Strike
0-1: Foul Ball, location: 2F
0-2: Foul Ball, location: 2F
0-2: Ball
1-2: Strikes out swinging
Pitching: RHP Jesús Solís
Batting: RHB John Billings 0-0: Ball
1-0: Ball
2-0: Foul Ball, location: 2F
2-1: Ball
3-1: Fielders Choice at 2nd, 6-4 (Groundball, 6, EV 80.0 MPH)
Top of the 6th over - 0 runs, 1 hit, 0 errors, 1 left on base; Syracuse 0 - Lake Erie 7
BOTTOM OF THE 6TH
Lake Erie Arryns batting - Pitching for Syracuse Storm : RHP José Martínez
Batting: RHB Juan Núñez 0-0: Called Strike
0-1: Foul Ball, location: 2F
0-2: Ball
1-2: DOUBLE (Groundball, 5L, EV 101.2 MPH)
Batting: RHB Mike Branch 0-0: Ball
1-0: Called Strike
1-1: Ground out 5-3 (Groundball, 5S, EV 71.9 MPH)
Juan Núñez to third
Batting: RHB Patrick Mildren 0-0: Foul Ball, location: 2F
0-1: Called Strike
0-2: Ball
1-2: Ball
2-2: Fly out, F8 (Flyball, 89D, EV 101.9 MPH)
Batting: SHB Borisav Aleksic 0-0: Ball
1-0: Ground out 4-3 (Groundball, 34, EV 80.0 MPH)
Bottom of the 6th over - 0 runs, 1 hit, 0 errors, 1 left on base; Syracuse 0 - Lake Erie 7
TOP OF THE 7TH
Syracuse Storm batting - Pitching for Lake Erie Arryns : RHP Jesús Solís
Batting: LHB Rick Newell 0-0: Called Strike
0-1: Ground out 5-3 (Groundball, 5, EV 86.9 MPH)
Batting: LHB Jorge Mateu 0-0: Ball
1-0: Called Strike
1-1: Called Strike
1-2: Foul Ball, location: 2F
1-2: Strikes out swinging
Batting: RHB Rubén Plumey 0-0: Ball
1-0: Called Strike
1-1: Ball
2-1: Swinging Strike
2-2: Strikes out swinging
Top of the 7th over - 0 runs, 0 hits, 0 errors, 0 left on base; Syracuse 0 - Lake Erie 7
BOTTOM OF THE 7TH
Lake Erie Arryns batting - Pitching for Syracuse Storm : RHP José Martínez
Batting: RHB Wang Gai 0-0: Foul Ball, location: 2F
0-1: Ball
1-1: Ball
2-1: Fly out, F9 (Line Drive, 9, EV 90.0 MPH)
Batting: RHB Nick Payne 0-0: Called Strike
0-1: Foul Ball, location: 2F
0-2: Ball
1-2: Strikes out looking
Batting: RHB Daryl Pethick 0-0: SINGLE (Groundball, 34D, EV 108.1 MPH)
Batting: RHB Scot Roberts 0-0: Swinging Strike
0-1: Ball
1-1: 2-RUN HOME RUN (Line Drive, 7D, EV 102.5 MPH), Distance : 391 ft
Batting: RHB Beco Bnard 0-0: Ball
1-0: Swinging Strike
1-1: Ball
2-1: Swinging Strike
2-2: Foul Ball, location: 2F
2-2: Foul Ball, location: 2F
2-2: Ball
3-2: Foul Ball, location: 2F
3-2: Strikes out looking
Bottom of the 7th over - 2 runs, 2 hits, 0 errors, 0 left on base; Syracuse 0 - Lake Erie 9
TOP OF THE 8TH
Syracuse Storm batting - Pitching for Lake Erie Arryns : RHP Jesús Solís
Batting: LHB Kent Maxwell 0-0: Fly out, F4 (Popup, 4, EV 76.9 MPH)
Batting: LHB Zak Makepeace 0-0: Swinging Strike
0-1: Ball
1-1: Ball
2-1: Ground out 1-3 (Groundball, 13, EV 78.8 MPH)
Batting: RHB Bob Hill 0-0: Ball
1-0: Foul Ball, location: 2F
1-1: Fly out, F8 (Flyball, 8LM, EV 81.9 MPH)
Top of the 8th over - 0 runs, 0 hits, 0 errors, 0 left on base; Syracuse 0 - Lake Erie 9
BOTTOM OF THE 8TH
Lake Erie Arryns batting - Pitching for Syracuse Storm : RHP José Martínez
Pinch Hitting: RHB Michael Richardson 0-0: Called Strike
0-1: Fly out, F8 (Flyball, 89S, EV 90.0 MPH)
Batting: RHB Mike Branch 0-0: Called Strike
0-1: Foul Ball, location: 2F
0-2: Ball
1-2: Ball
2-2: Foul Ball, location: 2F
2-2: Ground out 1-3 (Groundball, 13, EV 71.2 MPH)
Batting: RHB Patrick Mildren 0-0: Ball
1-0: Fly out, F9 (Flyball, 89M, EV 88.8 MPH)
Bottom of the 8th over - 0 runs, 0 hits, 0 errors, 0 left on base; Syracuse 0 - Lake Erie 9
TOP OF THE 9TH
Syracuse Storm batting - Pitching for Lake Erie Arryns : RHP Jesús Solís
Now in RF: Michael Richardson
Batting: RHB Martín Muñóz 0-0: Called Strike
0-1: Ball
1-1: Called Strike
1-2: Foul Ball, location: 2F
1-2: Ball
2-2: Strikes out swinging
Batting: LHB Brian Harmon 0-0: Ball
1-0: Foul Ball, location: 2F
1-1: Ball
2-1: Swinging Strike
2-2: Strikes out swinging
Batting: RHB John Billings 0-0: Called Strike
0-1: Ball
1-1: Swinging Strike
1-2: Strikes out swinging
Top of the 9th over - 0 runs, 0 hits, 0 errors, 0 left on base; Syracuse 0 - Lake Erie 9
Friday, April 17th, 2020 - OOTP Baseball 20.8 Build 74